 Dungeon Crawl Stone Soup version 0.21-a0-84-g85d6d27 (webtiles) character file.

138 sscrono2 the Sneak (level 5, -1/34 HPs)
             Began as an Octopode Assassin on July 4, 2017.
             Slain by an orc priest
             ... wielding a +0 dagger
              (5 damage)
             ... on level 3 of the Dungeon.
             The game lasted 00:03:56 (1799 turns).

sscrono2 the Sneak (Octopode Assassin)              Turns: 1799, Time: 00:03:57

Health: -1/34      AC:  1    Str:  7 (10) XL:     5   Next: 21%
Magic:  5/5        EV: 13    Int: 11 (13) God:
Gold:   59         SH:  0    Dex: 14 (15) Spells: 4/4 levels left

rFire    + . .     SeeInvis .   a - +2 dagger
rCold    + . .     Gourm    .   (no shield)
rNeg     . . .     Faith    .   (helmet restricted)
rPois    +         Spirit   .   (no amulet)
rElec    +         Reflect  .   (no ring)
rCorr    +         Harm     .   (no ring)
MR       .....                  (no ring)
Stlth    ++++......             (no ring)
HPRegen  0.11/turn              (no ring)
MPRegen  0.09/turn              (no ring)
                                (no ring)
                                (no ring)

@: resistant, flying
A: almost no armour, stealthy swim, amphibious, 8 rings, constrict 8, camouflage
1, gelatinous body 1
a: no special abilities


You were on level 3 of the Dungeon.
You were not hungry.

You visited 1 branch of the dungeon, and saw 3 of its levels.

You collected 59 gold pieces.

Inventory:

Hand Weapons
 a - a +2 dagger (weapon)
 b - a +0 blowgun
 t - a +4 dagger
Missiles
 c - 8 poisoned needles
 d - 2 curare-tipped needles
Jewellery
 n - a +4 ring of slaying {unknown}
Wands
 s - a wand of digging (22/24)
Scrolls
 e - a scroll of enchant weapon {unknown}
 i - 3 scrolls of enchant armour {unknown}
 j - 2 scrolls of random uselessness {unknown}
 l - a scroll of identify {unknown}
 m - a scroll of noise {unknown}
 o - a scroll of fear {unknown}
 q - a scroll of amnesia {unknown}
 v - a scroll of immolation {unknown}
Potions
 k - a potion of lignification {unknown}
 r - a potion of flight
 u - a potion of resistance
Comestibles
 f - 3 bread rations
 g - a meat ration


   Skills:
 - Level 2.0 Fighting
 + Level 5.2 Short Blades
 - Level 2.0 Throwing
 - Level 1.0 Dodging
 - Level 5.3 Stealth


You had 4 spell levels left.
You didn't know any spells.

Dungeon Overview and Level Annotations

Branches:
Dungeon (3/15)

Altars:
Gozag
The Shining One


Innate Abilities, Weirdness & Mutations

You cannot wear most types of armour.
You are very stealthy in the water. (Stealth+)
You are amphibious.
You can wear up to eight rings at the same time.
You can use your tentacles to constrict eight enemies at once.
Your skin changes colour to match your surroundings (Stealth+).
Your rubbery body absorbs attacks. (AC +1, EV +1)


Message History

The orc priest calls down the wrath of Beogh upon you.
Beogh smites you! The goblin hits you.
* * * LOW HITPOINT WARNING * * *
It was a potion of flight.
You feel very buoyant.
You fly up into the air.
You constrict the jackal. The jackal bites you.
* * * LOW HITPOINT WARNING * * *
The goblin hits you.
* * * LOW HITPOINT WARNING * * *
It was a potion of resistance.
You feel protected.
You constrict the jackal.
You kill the jackal!
The goblin hits you.
* * * LOW HITPOINT WARNING * * *
It was a potion of degeneration.
There was something very wrong with that liquid.
You feel weakened.
You feel dopey.
You feel clumsy. The orc priest hits you with a dagger.
You die...

.. ... #...##
##..$
###.#..###...
....o..#...# ..
..#.#..# # #g
#.#.#..#
#.##.#o##.#.#.^#
#.....g@).....<#
####...........#
..?............#
.......##†#......#
..........##..####
.###............
##.######..### #.
#..# #. #..#


You could see an orc priest, a hobgoblin and a goblin.

Vanquished Creatures
  Crazy Yiuf (D:2)
  Robin (D:2)
  An adder (D:2)
  An ooze (D:1)
  A worm (D:2)
  3 dart slugs
  A leopard gecko (D:1)
  4 orcs (D:3)
  A ball python (D:3)
  5 bats
  7 giant cockroaches
  13 goblins
  4 hobgoblins
  6 jackals
  2 quokkas
  3 frilled lizards
  7 kobolds
  8 rats
  2 fungi (D:2)
71 creatures vanquished.

Notes
Turn   | Place    | Note
-------+----------+-------------------------------------------
     0 | D:1      | sscrono2 the Octopode Assassin began the quest for the Orb.
     0 | D:1      | Reached XP level 1. HP: 14/14 MP: 1/1
   123 | D:1      | Reached XP level 2. HP: 17/19 MP: 2/2
   259 | D:1      | Reached XP level 3. HP: 22/24 MP: 3/3
   849 | D:2      | Noticed Robin
   916 | D:2      | Killed Robin
   916 | D:2      | Reached XP level 4. HP: 24/29 MP: 4/4
  1029 | D:2      | Found a glowing golden altar of the Shining One.
  1145 | D:2      | Found an opulent altar of Gozag.
  1584 | D:2      | Found a runed door.
  1588 | D:2      | Noticed Crazy Yiuf
  1596 | D:2      | Killed Crazy Yiuf
  1596 | D:2      | Reached skill level 5 in Short Blades
  1596 | D:2      | Reached XP level 5. HP: 18/34 MP: 2/5
  1799 | D:3      | Slain by an orc priest

Vault maps used:
D:1:      onia_arrival_larder
D:2:      grunt_gozag_breadcrumbs, lemuel_crystal_altar, uniq_robin,
          uniq_crazy_yiuf_cottage
D:3:      bloody_trog, chequers_ecumenical_altar_twisty, uniq_grinder

Skill      XL: |  1  2  3  4 |
---------------+-------------+-----
Short Blades   | 3 4 5 |  5.2
Fighting       | |  2.0
Throwing       | |  2.0
Dodging        | |  1.0
Stealth        | |  5.3

Action                   |  1- 3 |  4- 6 || total
-------------------------+-------+-------++-------
Melee: Dagger            |    62 |    65 ||   127
       Constrict         |    11 |    18 ||    29
       Tentacles         |     8 |    16 ||    24
       Blowgun           |       |     3 ||     3
 Fire: Blowgun           |       |     1 ||     1
  Use: Potion            |       |     3 ||     3
 Stab: Sleeping          |    18 |     7 ||    25
       Distracted        |       |     1 ||     1
  Eat: Chunk             |       |     3 ||     3
Armor: Skin              |     4 |     5 ||     9
Dodge: Dodged            |    15 |    20 ||    35
